 Dungeon Crawl Stone Soup version 0.29.0-5-ge4962eb29e (webtiles) character file.

Game seed: 4797356011068253204

49 Anothat the Ruffian (level 3, -1/33 HPs)
             Began as a Ghoul Monk on Aug 29, 2022.
             Slain by a kobold
             ... wielding a +0 short sword
              (3 damage)
             ... on level 2 of the Dungeon.
             The game lasted 00:01:40 (1220 turns).

Anothat the Ruffian (Ghoul Monk)                    Turns: 1220, Time: 00:01:41

Health: -1/33      AC:  2    Str: 16    XL:     3   Next: 75%
Magic:  2/2        EV: 12    Int:  5    God:
Gold:   53         SH:  0    Dex: 11    Spells: 2/2 levels left

rFire   . . .      SeeInvis .     - Unarmed
rCold   + . .      Faith    .   (no shield)
rNeg    + + +      Spirit   .   a - +0 robe
rPois   ∞          Reflect  .   (no helmet)
rElec   .          Harm     .   (no cloak)
rCorr   .          Rampage  .   (no gloves)
Will    .....                   (no boots)
Stlth   ++........              (no amulet)
HPRegen 0.00/turn               (no ring)
MPRegen 0.08/turn               (no ring)

@: attractive, inhibited regen
A: claws 1, cold resistance 1, negative energy resistance 3, inhibited
regeneration, torment resistance 2, devour on kill
a: no special abilities


You were on level 2 of the Dungeon.
You visited 1 branch of the dungeon, and saw 2 of its levels.

You collected 53 gold pieces.

Inventory:

Armour
 a - a +0 robe (worn)
Scrolls
 h - a scroll of vulnerability {unknown}
 i - a scroll of magic mapping {unknown}
 j - a scroll of enchant armour {unknown}
Potions
 b - a potion of ambrosia


   Skills:
 + Level 3.8 Fighting
 + Level 3.1 Dodging
 - Level 2.5 Stealth
 * Level 4.1 Unarmed Combat


You had 2 spell levels left.
You didn't know any spells.
Your spell library contained the following spells:

 Spells                   Type           Power      Damage    Failure   Level
 Dazzling Flash           Conj/Hex       0%         N/A       85%         3
 Agony                    Necr           0%         N/A       100%        5
 Silence                  Hex/Air        0%         N/A       100%        5


Dungeon Overview and Level Annotations

Branches:
Dungeon (2/15)

Altars:


Innate Abilities, Weirdness & Mutations

You are immune to poison.
You have sharp fingernails.
Your flesh is cold resistant. (rC+)
You are immune to negative energy. (rN+++)
You do not regenerate when monsters are visible.
You are immune to unholy pain and torment.
You thrive by killing the living.


Message History

You kill the adder!
You feel better.
The kobold hits you with a +0 short sword.
The adder closely misses you. The endoplasm freezes you.
You are frozen.
You resist.
Your Unarmed Combat skill increases to level 4!
It was a potion of berserk rage.
You feel slightly irritated. The adder closely misses you.
The kobold barely misses you.
The endoplasm hits you but does no damage.
You completely miss the adder. The adder barely misses you.
The kobold completely misses you. The adder barely misses you.
The endoplasm closely misses you.
You closely miss the adder.
The kobold hits you with a +0 short sword.
* * * LOW HITPOINT WARNING * * *
The adder completely misses you.
You claw the adder!
The adder is severely wounded.
The endoplasm freezes you.
You are frozen.
You resist. The adder bites you but does no damage.
The kobold closely misses you.
You closely miss the adder.
The adder is severely wounded.
The endoplasm freezes you.
You are frozen.
You resist.
* * * LOW HITPOINT WARNING * * *
The adder barely misses you.
The kobold hits you with a +0 short sword.
* * * LOW HITPOINT WARNING * * *
You scratch the adder.
You kill the adder!
The endoplasm closely misses you. The kobold hits you but does no damage.
You scratch the endoplasm.
The endoplasm is heavily wounded.
The endoplasm freezes you.
You are frozen.
You resist.
* * * LOW HITPOINT WARNING * * *
The kobold hits you with a +0 short sword.
You die...

### ~~~# ### ~~~~###.#
$.~~....# #.# ...~~...#
#.# ~....~.K# #.#
.~~..~†@# #.#
...~~.J†### #.#
~⌠........# #.#
⌠~~.......###.#
...~..........####
~..~....##.....<)#######
.~~.....##.#####........
........##.# ########.
............


You could see an endoplasm and a kobold.

Vanquished Creatures
  A gnoll (D:1)
  2 adders (D:2)
  A bat (D:1)
  2 endoplasms (D:1)
  2 giant cockroaches (D:1)
  3 goblins (D:1)
  2 hobgoblins (D:1)
  A kobold (D:2)
  2 quokkas (D:1)
  A ball python (D:2)
  2 rats (D:1)
19 creatures vanquished.

Notes
Turn   | Place    | Note
-------+----------+-------------------------------------------
     0 | D:1      | Anothat the Ghoul Monk began the quest for the Orb.
     0 | D:1      | Reached XP level 1. HP: 19/19 MP: 0/0
    20 | D:1      | Reached XP level 2. HP: 13/26 MP: 1/1
   523 | D:1      | Found a faded altar of an unknown god.
   542 | D:1      | Reached XP level 3. HP: 29/31 MP: 2/2
  1206 | D:2      | HP: 1/33 [frozen (1)]
  1214 | D:2      | Reached skill level 4 in Unarmed Combat
  1220 | D:2      | Slain by a kobold

Illustrated notes

Levels and vault maps discovered:
D:1:      roderic_crop_circles_arrival_small, layout_loops_ring,
          shapermc_ecumenical_altar_totnotflames, roderic_roman_lattice
D:2:      cheibrodos_helix_gallery, layout_loops_ring, uniq_natasha

Skill      XL: |  1  2  3 |
---------------+----------+-----
Dodging        | 3 |  3.1
Unarmed Combat | 4 |  4.1
Fighting       | |  3.8
Stealth        | |  2.5

Action                   || total
-------------------------++-------
Melee: Unarmed           ||    66
       Punch             ||     2
  Use: Potion            ||     5
 Stab: Sleeping          ||     4
Armor: Robe              ||    14
Dodge: Dodged            ||    66
